AoeStats
← John

Nomad

510188213Analyzed
4v4 RM · 16h ago on Sep 29, 2026· 14m 52s· 8 players
Game mode
Random Map
Map size
231×231
Population
200
Speed
Normal
Resources
Standard
Victory
Conquest
Starting age
Dark Age
Ending age
Imperial Age
RankedLock teamsTeams togetherTeam positionsShared explorationLock speedFull tech treeHidden civsTurbo modeCheats
Victory
Defeat
🇳🇱 Spanish · Netherlands
1013
+12
🇨🇦 Varangians · Canada
994
+13
🇨🇱 Vikings · Chile
980
+14
🇳🇱 Teutons · Netherlands
949
+15
🇵🇹 Cumans · Portugal
1030
-18
🇲🇽 Burmese · Mexico
940
-14
🇺🇸 Byzantines · United States
875
-11
🇨🇭 Huns · Switzerland
872
-11
concejaljesus23
12:46 Loom
15:07 Feudal Age
taisho84
5:21 Loom
13:56 Feudal Age
14:36 Double-Bit Axe
John
5:10 Loom
14:42 Feudal Age
aclcbrn
6:12 Loom
14:21 Feudal Age
14:51 Double-Bit Axe
14:59 Fishing Lines
Bruin878
3:03 Loom
BP Charly
3:55 Loom
Internet User
6:28 Loom
!
4:14 Loom
16:37 Feudal Age
Connection lost

Rejoining the realm…

Still unreachable

The connection could not be restored.

Session expired

The server has moved on; the page needs a fresh start.